 Dungeon Crawl Stone Soup version 0.31-a0-832-g3a2c1c66ba (webtiles) character file.

Game seed: 17906801740605003795

116 Bnni the Vexing (level 5, -1/38 HPs)
             Began as a Formicid Hexslinger on Sept 25, 2023.
             Slain by an orc priest
             ... wielding a +0 war axe
              (3 damage)
             ... on level 3 of the Dungeon.
             The game lasted 00:02:15 (1994 turns).

Bnni the Vexing (Formicid Hexslinger)               Turns: 1994, Time: 00:02:15

Health: -1/38      AC:  2    Str: 13    XL:     5   Next: 21%
Magic:  2/7        EV: 12    Int: 12    God:
Gold:   88         SH:  0    Dex: 18    Spells: 2/7 levels left

rFire   . . .        a - +1 sling
rCold   . . .        (no shield)
rNeg    . . .        c - +0 robe
rPois   .            (helmet unavailable)
rElec   .            (no cloak)
rCorr   .            (no gloves)
SInv    +            (no boots)
Will    .....        (no amulet)
Stlth   ++           (no ring)
HPRegen 0.26/turn    (no ring)
MPRegen 0.10/turn

%: no passive effects
@: mighty, invisible
A: permanent stasis, dig shafts and tunnels, antennae 3, four strong arms
a: Dig, Shaft Self


You were on level 3 of the Dungeon.
You visited 1 branch of the dungeon, and saw 3 of its levels.

You collected 88 gold pieces.

Inventory:

Hand Weapons
 a - a +1 sling (weapon)
 j - a +0 heavy sling
Missiles
 g - 8 poisoned darts
Armour
 c - a +0 robe (worn)
Scrolls
 b - 2 scrolls of poison
 d - a scroll of silence {unknown}
 i - a scroll of noise {unknown}
 k - a scroll of fog {unknown}
 l - 3 scrolls of identify {unknown}
 m - a scroll of immolation {unknown}
 n - a scroll of amnesia {unknown}
 r - a scroll of blinking {unknown}
Potions
 f - a potion of brilliance
 h - a potion of cancellation
 p - a potion of berserk rage {unknown}
 q - a potion of enlightenment {unknown}


   Skills:
 + Level 1.9 Fighting
 * Level 3.0 Ranged Weapons
 - Level 1.7 Dodging
 + Level 1.9 Spellcasting
 * Level 4.5 Hexes
 * Level 2.4 Fire Magic


You had 2 spell levels left.
You knew the following spells:

 Your Spells              Type           Power      Damage    Failure   Level
a - Jinxbite              Hex            22%        N/A       7%          2
t - Tukima's Dance        Hex            11%        N/A       13%         3

Your spell library contained the following spells:

 Spells                   Type           Power      Damage    Failure   Level
 Summon Small Mammal      Summ           4%         N/A       28%         1
 Sigil of Binding         Hex            11%        N/A       13%         3
 Inner Flame              Hex/Fire       9%         N/A       21%         3
 Summon Guardian Golem    Hex/Summ       6%         N/A       32%         3
 Cause Fear               Hex            5%         N/A       41%         4
 Call Canine Familiar     Summ           1%         N/A       63%         3
 Dimensional Bullseye     Hex/Tloc       3%         N/A       73%         4
 Iskenderun's Mystic Bla  Conj/Tloc      1%         2d3       95%         4
 Manifold Assault         Tloc           1%         N/A       95%         4
 Blink                    Tloc           Unusable   N/A       N/A         2

Dungeon Overview and Level Annotations

Branches:
Dungeon (3/15)

Altars:


Innate Abilities, Weirdness & Mutations

You cannot be hasted, slowed, berserked, paralysed or teleported.
You can dig through walls and to a lower floor.
You have a pair of large antennae on your head. (SInv)
Your four strong arms can wield two-handed weapons with a shield.


Message History

The orc priest hits you with a +0 falchion. x2
Okay, then.
You shoot a sling bullet. The sling bullet hits the orc priest.
The orc priest is moderately wounded.
The orc priest barely misses you.
You shoot a sling bullet. The sling bullet hits the orc priest.
The orc priest is severely wounded.
The orc priest looks encouraged for a moment.
The orc priest calls down the wrath of Beogh upon you.
Beogh smites you!
* * * LOW HITPOINT WARNING * * *
You shoot a sling bullet. The sling bullet hits the orc priest!
You kill the orc priest!
Your Ranged Weapons skill increases to level 3!
You have reached level 5!
Okay, then.
You shoot a sling bullet.
The sling bullet barely misses the orc priest.
The orc priest calls down the wrath of Beogh upon you.
Pain shoots through your body!
* * * LOW HITPOINT WARNING * * *
The orc priest barely misses you.
It was a potion of brilliance.
You feel clever all of a sudden. The orc priest barely misses you.
Your magical contamination has completely faded away.
It was a potion of invisibility.
You fade into invisibility!
The orc priest closely misses you.
It was a potion of cancellation.
Your magical effects are unravelling.
You feel magically purged.
You flicker back into view.
You feel a little less clever now. The orc priest barely misses you.
You fade into invisibility!
The orc priest closely misses you.
It was a potion of might.
You feel very mighty all of a sudden.
The orc priest hits you with a +0 war axe.
You die...

###..)....... #...######.
#. .# #.......# .. .
#...###.# #.#. #...###.#
#... #....##.# #..#
#.#<....# #..####
#.#.#..##.# #..o..# #
#........######@# .##.###
#.##.>.....##..)##.......
##......#.#.##......)o.#
#.###...#..........#####
..##..<............#
........##.[.......#
#.##.#.#######...###
#.....†# #...# ##.....#
##.##


You could see an orc priest (unable to see you).

Vanquished Creatures
  An orc priest (D:3)
  3 adders
  5 dart slugs
  6 ball pythons
  7 endoplasms
  2 giant cockroaches (D:1)
  3 goblins
  4 hobgoblins
  2 jackals (D:1)
  A quokka (D:1)
  4 bats
  2 frilled lizards (D:1)
  2 kobolds (D:1)
  3 rats
45 creatures vanquished.

Vanquished Creatures (collateral kills)
  2 orcs (D:3)
2 creatures vanquished.

Grand Total: 47 creatures vanquished

Notes
Turn   | Place    | Note
-------+----------+-------------------------------------------
     0 | D:1      | Bnni the Formicid Hexslinger began the quest for the Orb.
     0 | D:1      | Reached XP level 1. HP: 15/15 MP: 2/2
   100 | D:1      | Reached XP level 2. HP: 21/21 MP: 3/3
   179 | D:1      | Learned a level 2 spell: Jinxbite
   235 | D:1      | Reached XP level 3. HP: 26/26 MP: 5/5
   294 | D:1      | Reached skill level 4 in Hexes
  1080 | D:2      | Reached XP level 4. HP: 32/32 MP: 6/6
  1084 | D:2      | Learned a level 3 spell: Tukima's Dance
  1575 | D:2      | Found a faded altar of an unknown god.
  1989 | D:3      | Reached XP level 5. HP: 11/38 MP: 1/7
  1989 | D:3      | HP: 1/38 [orc priest/nerve-wracking pain (11)]
  1994 | D:3      | Slain by an orc priest

Illustrated notes

Levels and vault maps discovered:
D:1:      minmay_arrival_pointy, layout_basic, minmay_close_crescents
D:2:      layout_basic, ebering_ecumenical_altar_abandoned
D:3:      layout_loops_cross, grunt_temple_overflow_octagram, serial_shops, shop

Skill      XL: |  1  2  3  4 |
---------------+-------------+-----
Hexes          | 4 |  4.5
Fire Magic     | 2 |  2.4
Ranged Weapons | 3 |  3.0
Fighting       | |  1.9
Dodging        | |  1.7
Spellcasting   | |  1.9

Action                     |  1- 3 |  4- 6 || total
---------------------------+-------+-------++-------
   Fire: Sling             |    77 |    45 ||   122
   Cast: Tukima's Dance    |       |     1 ||     1
         Jinxbite          |       |     1 ||     1
    Use: Potion            |       |     5 ||     5
 Armour: Robe              |    10 |    12 ||    22
  Dodge: Dodged            |    12 |    15 ||    27

Table legend: (Time is in decaauts)
 A = Elapsed time spent in this place.
 B = Non-inter-level travel time spent in this place.
 C = Inter-level travel time spent in this place.
 D = Time resting spent in this place.
 E = Time spent auto-exploring this place.
 F = Levels seen in this place.
 G = Mean time per level.
                   A        B        C        D        E       F      G
               +--------+--------+--------+--------+--------+-----+--------+
         Total |   2026 |   1932 |     94 |    165 |   1477 |   3 |  675.3 |
       Dungeon |   2026 |   1932 |     94 |    165 |   1477 |   3 |  675.3 |
               +--------+--------+--------+--------+--------+-----+--------+

Top non-repeatable levels by time:
     D:2: 1076 daAuts
     D:1: 696 daAuts
     D:3: 253 daAuts
